 Dungeon Crawl Stone Soup version 0.31-a0-521-gc7390f8997 (webtiles) character file.

Game seed: 523608899019216636

97 innerfire43 the Insei (level 4, -1/34 HPs)
             Began as a Gnoll Shapeshifter on Aug 10, 2023.
             Was a Follower of Makhleb.
             Slain by a gnoll
             ... wielding a +0 halberd
              (2 damage)
             ... on level 3 of the Dungeon.
             The game lasted 00:02:46 (2347 turns).

innerfire43 the Insei (Gnoll Shapeshifter)          Turns: 2347, Time: 00:02:46

Health: -1/34      AC:  5    Str: 14    XL:     4   Next: 68%
Magic:  5/5        EV: 14    Int:  7    God:    Makhleb [*.....]
Gold:   95         SH:  0    Dex: 15    Spells: 5/5 levels left

rFire   . .          .
                       - Unarmed
rCold   . . .        (shield currently unavailable)
rNeg    . . .        a - +0 animal skin
rPois   .            e - +0 helmet
rElec   .            r - +0 cloak
rCorr   .            n - +0 pair of gloves
SInv    .            (no boots)
Will    .....        (no amulet)
Stlth   +            (no ring)
HPRegen 0.25/turn    (no ring)
MPRegen 0.09/turn

%: no passive effects
@: flux-form, attractive, glowing
A: glow, contaminating, fangs 1, strong nose, distributed training
a: Begin Untransformation, Renounce Religion


You were on level 3 of the Dungeon.
You worshipped Makhleb.
Makhleb was aware of your devotion.
You were something dangerously unstable.
You visited 1 branch of the dungeon, and saw 3 of its levels.

You collected 95 gold pieces.

Inventory:

Armour
 a - a +0 animal skin (worn)
 e - a +0 helmet (worn)
 n - a +0 pair of gloves (worn)
 r - a +0 cloak (worn)
Jewellery
 j - a ring of ice
Talismans
 c - a beast talisman
 d - a flux talisman (active)
 q - a serpent talisman
Scrolls
 f - a scroll of teleportation {unknown}
 k - 6 scrolls of identify {unknown}
 m - a scroll of blinking {unknown}
 o - 2 scrolls of fear {unknown}
Potions
 b - 2 potions of lignification
 g - a potion of curing {unknown}
 h - a potion of attraction
 i - a potion of cancellation
 l - a potion of heal wounds {unknown}
 p - a potion of berserk rage {unknown}
 s - a potion of magic {unknown}


   Skills:
 + Level 2.8 Fighting
 + Level 1.2 Short Blades
 + Level 1.2 Long Blades
 + Level 1.2 Axes
 + Level 1.2 Maces & Flails
 + Level 1.2 Polearms
 + Level 1.2 Staves
 + Level 1.2 Ranged Weapons
 + Level 1.2 Throwing
 + Level 1.2 Armour
 + Level 4.7 Dodging
 + Level 1.2 Stealth
 + Level 1.2 Shields
 + Level 6.6 Unarmed Combat
 + Level 1.2 Spellcasting
 + Level 1.0 Conjurations
 + Level 1.0 Hexes
 + Level 1.0 Summonings
 + Level 1.0 Necromancy
 + Level 1.0 Translocations
 + Level 1.0 Transmutations
 + Level 1.0 Fire Magic
 + Level 1.0 Ice Magic
 + Level 1.0 Air Magic
 + Level 1.0 Earth Magic
 + Level 1.0 Poison Magic
 + Level 1.3 Invocations
 + Level 1.2 Evocations
 + Level 6.5 Shapeshifting


You had 5 spell levels left.
You didn't know any spells.
Your spell library contained the following spells:

 Spells                   Type           Power      Damage    Failure   Level
 Volatile Blastmotes      Fire/Tloc      2%         2d10      63%         3
 Fulminant Prism          Conj/Hex       0%         3d5       95%         4
 Iskenderun's Mystic Bla  Conj/Tloc      1%         2d3       95%         4


Dungeon Overview and Level Annotations

Branches:
Dungeon (3/15)

Altars:
Makhleb


Innate Abilities, Weirdness & Mutations

You are something dangerously unstable.
You glow with magical radiation, making you easy to see and hit.
Foes you strike become dangerously contaminated with magical radiation.
You are incapable of wielding weapons or throwing items.
You have very sharp teeth.
Your uncanny sense of smell can sniff out nearby items.
Your experience applies equally to all skills.


Message History

Makhleb accepts your kill.
You feel better.
Your Conjurations skill increases to level 1!
Your Hexes skill increases to level 1!
Your Summonings skill increases to level 1!
Your Necromancy skill increases to level 1!
Your Translocations skill increases to level 1!
Your Transmutations skill increases to level 1!
Your Fire Magic skill increases to level 1!
Your Ice Magic skill increases to level 1!
Your Air Magic skill increases to level 1!
Your Earth Magic skill increases to level 1!
Your Poison Magic skill increases to level 1!
You hit the gnoll but do no damage.
The gnoll begins to glow.
The gnoll hits you with a +0 halberd.
The gnoll hits you from afar with a +0 halberd.
The gnoll hits you with a +0 flail.
Unknown command.
You are too injured to fight recklessly!
You hit the gnoll but do no damage.
The gnoll glows dangerously bright.
The gnoll barely misses you. The gnoll misses you.
The gnoll hits you with a +0 halberd!
* * * LOW HITPOINT WARNING * * *
Unknown command.
You hit the gnoll but do no damage.
The gnoll shudders as magic cascades through it!!
You kill the gnoll!
Makhleb accepts your kill. The gnoll closely misses you.
The gnoll barely misses you.
Unknown command.
It was a potion of attraction.
You feel attractive to monsters. The gnoll barely misses you. x2
The endoplasm jiggles.
The gnoll is attracted toward you.
It was a potion of cancellation.
Your magical effects are unravelling.
You feel magically purged. The gnoll closely misses you.
The gnoll hits you with a +0 halberd.
You die...

..... ...# #.... #...#
#.....##
.#....##...###...... ###
................... ....
............##....###.##
.......................#
.....§Jg................
......gB..............##
...#####................
#........†.......
#................
#....#########...
#.......# #... #.......#
#... .......... ###...
....#...... #.....


You could see 2 gnolls and an endoplasm.

Vanquished Creatures
  2 gnolls (D:3)
  2 adders
  A worm (D:2)
  An orc (D:2)
  4 endoplasms
  A giant cockroach (D:1)
  3 goblins (D:1)
  3 hobgoblins
  8 jackals
  5 kobolds
  2 quokkas (D:1)
  7 ball pythons
  5 bats
  4 frilled lizards
  7 rats
55 creatures vanquished.

Notes
Turn   | Place    | Note
-------+----------+-------------------------------------------
     0 | D:1      | innerfire43 the Gnoll Shapeshifter began the quest for the
                  | Orb.
     0 | D:1      | Reached XP level 1. HP: 17/17 MP: 1/1
   162 | D:1      | Reached XP level 2. HP: 16/23 MP: 2/2
   565 | D:1      | Reached XP level 3. HP: 28/28 MP: 3/3
  1151 | D:2      | Reached skill level 1 in Invocations
  1559 | D:2      | Reached skill level 1 in Short Blades
  1559 | D:2      | Reached skill level 1 in Long Blades
  1559 | D:2      | Reached skill level 1 in Axes
  1559 | D:2      | Reached skill level 1 in Maces & Flails
  1559 | D:2      | Reached skill level 1 in Polearms
  1559 | D:2      | Reached skill level 1 in Staves
  1559 | D:2      | Reached skill level 1 in Ranged Weapons
  1559 | D:2      | Reached skill level 1 in Throwing
  1559 | D:2      | Reached skill level 1 in Armour
  1559 | D:2      | Reached skill level 1 in Stealth
  1559 | D:2      | Reached skill level 1 in Shields
  1559 | D:2      | Reached skill level 1 in Spellcasting
  1559 | D:2      | Reached skill level 1 in Evocations
  1620 | D:2      | Found a faded altar of an unknown god.
  1686 | D:2      | Prayed at the altar of an unknown god.
  1686 | D:2      | Became a worshipper of Makhleb the Destroyer
  1686 | D:2      | Reached * piety under Makhleb
  2190 | D:3      | Reached XP level 4. HP: 34/34 MP: 5/5
  2285 | D:3      | Identified the +3 short sword of Ignis's Hope {freeze,
                  | Fragile rElec rF+ Int+6}
  2343 | D:3      | Reached skill level 1 in Conjurations
  2343 | D:3      | Reached skill level 1 in Hexes
  2343 | D:3      | Reached skill level 1 in Summonings
  2343 | D:3      | Reached skill level 1 in Necromancy
  2343 | D:3      | Reached skill level 1 in Translocations
  2343 | D:3      | Reached skill level 1 in Transmutations
  2343 | D:3      | Reached skill level 1 in Fire Magic
  2343 | D:3      | Reached skill level 1 in Ice Magic
  2343 | D:3      | Reached skill level 1 in Air Magic
  2343 | D:3      | Reached skill level 1 in Earth Magic
  2343 | D:3      | Reached skill level 1 in Poison Magic
  2344 | D:3      | HP: 1/34 [gnoll/+0 halberd (13)]
  2347 | D:3      | Slain by a gnoll

Illustrated notes

Levels and vault maps discovered:
D:1:      mrwooster_arrival_statue_2, layout_basic, serial_forest,
          infiniplex_forest_clump_curved, infiniplex_forest_end_3,
          infiniplex_forest_zigzag_1, infiniplex_forest_3_way,
          infiniplex_forest_lined_3, infiniplex_forest_end_2,
          infiniplex_forest_clump_curved, infiniplex_forest_corner_1,
          infiniplex_forest_clump_medium
D:2:      layout_basic, basic_ecumenical_altar, kennysheep_generic_room_7
D:3:      layout_basic, minmay_misc_feat_chi

Skill      XL: |  1  2  3  4 |
---------------+-------------+-----
Invocations    | 1 |  1.3
Short Blades   | 1 |  1.2
Long Blades    | 1 |  1.2
Axes           | 1 |  1.2
Maces & Flails | 1 |  1.2
Polearms       | 1 |  1.2
Staves         | 1 |  1.2
Ranged Weapons | 1 |  1.2
Throwing       | 1 |  1.2
Armour         | 1 |  1.2
Stealth        | 1 |  1.2
Shields        | 1 |  1.2
Spellcasting   | 1 |  1.2
Evocations     | 1 |  1.2
Conjurations   | 1 |  1.0
Hexes          | 1 |  1.0
Summonings     | 1 |  1.0
Necromancy     | 1 |  1.0
Translocations | 1 |  1.0
Transmutations | 1 |  1.0
Fire Magic     | 1 |  1.0
Ice Magic      | 1 |  1.0
Air Magic      | 1 |  1.0
Earth Magic    | 1 |  1.0
Poison Magic   | 1 |  1.0
Fighting       | |  2.8
Dodging        | |  4.7
Unarmed Combat | |  6.6
Shapeshifting  | |  6.5

Action                     |  1- 3 |  4- 6 || total
---------------------------+-------+-------++-------
  Melee: Unarmed           |   104 |    41 ||   145
         Bite              |    11 |     3 ||    14
    Use: Potion            |       |     2 ||     2
 Armour: Animal skin       |    18 |    11 ||    29
  Dodge: Dodged            |    66 |    42 ||   108
   Form: Flux              |     1 |       ||     1

Table legend: (Time is in decaauts)
 A = Elapsed time spent in this place.
 B = Non-inter-level travel time spent in this place.
 C = Inter-level travel time spent in this place.
 D = Time resting spent in this place.
 E = Time spent auto-exploring this place.
 F = Levels seen in this place.
 G = Mean time per level.
                   A        B        C        D        E       F      G
               +--------+--------+--------+--------+--------+-----+--------+
         Total |   2329 |   2114 |    215 |      0 |   1798 |   3 |  776.3 |
       Dungeon |   2329 |   2114 |    215 |      0 |   1798 |   3 |  776.3 |
               +--------+--------+--------+--------+--------+-----+--------+

Top non-repeatable levels by time:
     D:2: 1122 daAuts
     D:1: 1038 daAuts
     D:3: 168 daAuts
